 Dungeon Crawl Stone Soup version 0.21.1-1-g345015fe64 (webtiles) character file.

48 KamiKatze the Conjurer (level 3, -7/19 HPs)
             Began as a Deep Elf Conjurer on Feb 8, 2018.
             Mangled by a bullfrog (9 damage)
             ... on level 2 of the Dungeon.
             The game lasted 00:03:52 (851 turns).

KamiKatze the Conjurer (Deep Elf Conjurer)           Turns: 851, Time: 00:03:52

Health: -7/19      AC:  4    Str:  5    XL:     3   Next: 50%
Magic:  7/10       EV: 13    Int: 20    God:
Gold:   15         SH:  0    Dex: 15    Spells: 3/9 levels left

rFire    . . .     SeeInvis .   e - +0 dagger
rCold    . . .     Gourm    .   (no shield)
rNeg     . . .     Faith    .   a - +0 robe
rPois    .         Spirit   .   g - +2 hat
rElec    .         Reflect  .   (no cloak)
rCorr    .         Harm     .   (no gloves)
MR       .....                  (no boots)
Stlth    ++........             (no amulet)
HPRegen  0.06/turn              (no ring)
MPRegen  0.12/turn              (no ring)

@: slowed, very slow
A: no striking features
a: no special abilities


You were on level 2 of the Dungeon.
You were not hungry.

You visited 1 branch of the dungeon, and saw 2 of its levels.

You collected 15 gold pieces.

Inventory:

Hand Weapons
 e - a +0 dagger (weapon)
Armour
 a - a +0 robe (worn)
 g - a +2 hat (worn)
Scrolls
 d - a scroll of identify {unknown}
 h - a scroll of immolation {unknown}
 m - a scroll of remove curse {unknown}
 n - a scroll of blinking {unknown}
Potions
 i - a potion of invisibility {unknown}
 j - a potion of heal wounds {unknown}
 k - a potion of curing {unknown}
 l - 3 potions of resistance {unknown}
Books
 b - a book of Conjurations

   Spells                             Type                      Level
   a - Magic Dart                     Conjuration                  1
   b - Searing Ray                    Conjuration                  2
   c - Dazzling Spray                 Conjuration/Hexes            3
   d - Fulminant Prism                Conjuration/Hexes            4
   e - Force Lance                    Conjuration/Translocation    4
   f - Iskenderun's Mystic Blast      Conjuration                  4
Comestibles
 c - 2 rations
 f - a chunk of flesh


   Skills:
 - Level 2.4 Dodging
 - Level 2.4 Stealth
 + Level 3.9 Spellcasting
 * Level 5.3 Conjurations
 + Level 0.6 Hexes


You had 3 spell levels left.
You knew the following spells:

 Your Spells              Type           Power        Failure   Level  Hunger
a - Magic Dart            Conj           ####         1%          1    None
b - Searing Ray           Conj           ####..       2%          2    ##.....
c - Dazzling Spray        Conj/Hex       ###...       11%         3    ###....


Dungeon Overview and Level Annotations

Branches:
Dungeon (2/15)

Altars:

Annotations:
D:2 Natasha


Message History

Press: ? - help, Shift-Dir - straight line, f/p - bat skeleton
Aim: a bat skeleton (almost destroyed)
The magic dart hits the bat skeleton.
You destroy the bat skeleton!
A bullfrog comes into view.
Found a stone staircase leading up.
Natasha, Servant of Life and Death comes into view.
Natasha hisses angrily.
You hear a croak.
Natasha stares at you and mumbles some strange words.
The magic dart hits you!
Natasha stares at you and mumbles some strange words.
You feel yourself slow down.
Natasha mumbles some strange words.
The bullfrog misses you. The bullfrog barely misses you. The bullfrog hits you.
The shadow imp picks up a beetle and eats it.
The bullfrog hits you!
* * * LOW HITPOINT WARNING * * *
The bullfrog hits you!
You die...

.......§§.§§...#
....§..§§§§..#
#....§.§§..#
#.#......# # #
#(#......#
#.##.##.#......#
#).............#
.###.##5##.....#
........F@.....#
.###.##.##.....#
# #.##.....#
#.##.....#
#.##.....#
#.#####'#### ..#
#...<# ..#
###### ..#


You could see a bullfrog and a shadow imp.

Vanquished Creatures
  2 oozes
  A dart slug (D:1)
  A leopard gecko (D:1)
  6 bats (D:1)
  A bat skeleton (D:2)
  A giant cockroach (D:1)
  6 goblins (D:1)
  5 hobgoblins (D:1)
  3 jackals (D:1)
  4 kobolds (D:1)
  A rat (D:1)
31 creatures vanquished.

Notes
Turn   | Place    | Note
-------+----------+-------------------------------------------
     0 | D:1      | KamiKatze the Deep Elf Conjurer began the quest for the Orb.
     0 | D:1      | Reached XP level 1. HP: 10/10 MP: 6/6
   177 | D:1      | Reached XP level 2. HP: 15/15 MP: 6/8
   352 | D:1      | Reached skill level 5 in Conjurations
   410 | D:1      | Reached XP level 3. HP: 19/19 MP: 1/10
   414 | D:1      | Learned a level 2 spell: Searing Ray
   418 | D:1      | Learned a level 3 spell: Dazzling Spray
   841 | D:2      | Noticed a bullfrog
   842 | D:2      | Noticed Natasha
   851 | D:2      | Mangled by a bullfrog

Skill      XL: |  1  2 |
---------------+-------+-----
Conjurations   | 5 |  5.3
Dodging        | |  2.4
Stealth        | |  2.4
Spellcasting   | |  3.9
Hexes          | |  0.6

Action                   || total
-------------------------++-------
Melee: Dagger            ||     3
 Cast: Magic Dart        ||    54
       Searing Ray       ||     1
Armor: Robe              ||     2
Dodge: Dodged            ||    10
